 Dungeon Crawl Stone Soup version 0.29.1-12-g30fa7ad0bf (webtiles) character file.

Game seed: 9011352856816830014

41079 bubby the Fighter (level 13, -5/166 HPs)
             Began as a Demonspawn Berserker on Jan 14, 2023.
             Was a High Priest of Trog.
             Slain by a komodo dragon (11 damage)
             ... on level 5 of the Lair of Beasts on Jan 15, 2023.
             The game lasted 01:03:38 (22464 turns).

bubby the Fighter (Demonspawn Berserker)           Turns: 22464, Time: 01:03:38

Health: -5/166     AC: 28    Str: 28    XL:     13   Next: 78%
Magic:  0/13       EV: 12    Int:  9    God:    Trog [*****.]
Gold:   1013       SH:  0    Dex: 13    Spells: 12/12 levels left

rFire   . . .      SeeInvis .   Q - +6 eveningstar (protect)
rCold   . . .      Faith    .   (no shield)
rNeg    . . .      Spirit   +   R - +0 plate armour
rPois   +          Reflect  .   K - +0 helmet
rElec   .          Harm     .   A - +0 cloak {rCorr}
rCorr   +          Rampage  .   (no gloves)
Will    ++...                   (no boots)
Stlth   ..........              m - amulet of guardian spirit
HPRegen 1.37/turn               h - +6 ring of strength
MPRegen 0.13/turn               M - ring of poison resistance

@: berserking, strong-willed, under a protective aura, regenerating, very quick
A: claws 2, slimy green scales 2, foul stench 2, condensation shield
a: Renounce Religion, Berserk, Trog's Hand, Brothers in Arms


You were on level 5 of the Lair of Beasts.
You worshipped Trog.
Trog was extremely pleased with you.
You visited 2 branches of the dungeon, and saw 15 of its levels.

You collected 1013 gold pieces.

Inventory:

Hand Weapons
 Q - a +6 eveningstar of protection (weapon)
 S - the +4 flail "Eciucor" {vorpal, rF++ rC+ Will- SInv}
   (You found it on level 3 of the Lair of Beasts)

   It inflicts extra damage upon your enemies.
   rF:        It greatly protects you from fire.
   rC:        It protects you from cold.
   SInv:      It lets you see invisible.
   Will:      It decreases your willpower.
Missiles
 W - 3 curare-tipped darts (quivered)
Armour
 v - a scarf of resistance
 A - a +0 cloak of preservation (worn)
 E - a +2 leather armour of cold resistance
 K - a +0 helmet (worn)
 R - a +0 plate armour (worn)
Jewellery
 e - a ring of positive energy
 h - a +6 ring of strength (left claw)
 m - an amulet of guardian spirit (around neck)
 r - a +4 ring of evasion
 y - a +6 ring of strength
 C - the ring of Ysakim {Ice Str+3}
   (You found it on level 4 of the Dungeon)

   [ring of ice]

   It enhances your ice magic.
   Str:       It affects your strength (+3).
   rF:        It makes you vulnerable to fire.
   rC:        It protects you from cold.
 G - a ring of ice
 M - a ring of poison resistance (right claw)
Wands
 t - a wand of flame (12)
 x - a wand of roots (12)
 I - a wand of digging (10)
 P - a wand of paralysis (8)
 V - a wand of mindburst (18)
Scrolls
 b - a scroll of amnesia {unknown}
 c - a scroll of immolation {unknown}
 g - 3 scrolls of silence {unknown}
 j - 5 scrolls of enchant armour {unknown}
 k - 7 scrolls of teleportation {unknown}
 n - 2 scrolls of poison
 o - 4 scrolls of identify
 q - 3 scrolls of blinking
 s - 3 scrolls of fear
 z - a scroll of magic mapping {unknown}
 H - 2 scrolls of noise
 N - a scroll of fog {unknown}
 O - 6 scrolls of vulnerability {unknown}
 Y - a scroll of enchant weapon
 Z - a scroll of summoning {unknown}
Potions
 a - 3 potions of invisibility
 d - 12 potions of curing
 f - 4 potions of magic
 i - 5 potions of mutation
 l - 9 potions of ambrosia
 p - a potion of degeneration {unknown}
 u - 3 potions of cancellation
 w - 3 potions of lignification
 B - 2 potions of heal wounds
 D - a potion of might
 F - a potion of resistance {unknown}
 J - 5 potions of attraction
 U - 2 potions of flight {unknown}


   Skills:
 * Level 13.3 Fighting
 - Level 3.0 Long Blades
 + Level 8.6 Maces & Flails
 * Level 12.1 Armour
 * Level 12.1 Dodging


You had 12 spell levels left.
You didn't know any spells.
Your spell library contained the following spells:

 Spells                   Type           Power      Damage    Failure   Level
 Foxfire                  Conj/Fire      0%         2x1d4     96%         1
 Sting                    Tmut/Pois      0%         1d3       96%         1
 Summon Small Mammal      Summ           0%         N/A       96%         1
 Ensorcelled Hibernation  Hex/Ice        0%         N/A       99%         2
 Passwall                 Tmut/Erth      0%         N/A       99%         2
 Poisonous Vapours        Pois/Air       0%         N/A       99%         2
 Call Canine Familiar     Summ           0%         N/A       100%        3
 Conjure Flame            Conj/Fire      0%         6-21      100%        3
 Ignite Poison            Fire/Tmut/Pois 0%         N/A       100%        3
 Inner Flame              Hex/Fire       0%         N/A       100%        3
 Summon Guardian Golem    Hex/Summ       0%         N/A       100%        3
 Swiftness                Air            0%         N/A       100%        3
 Animate Armour           Summ/Erth      0%         N/A       100%        4
 Corpse Rot               Necr/Pois/Air  0%         N/A       100%        4
 Dispel Undead            Necr           0%         3d6       100%        4
 Flame Wave               Conj/Fire      0%         2d4       100%        4
 Hailstorm                Conj/Ice       0%         3d3       100%        4
 Ice Form                 Ice/Tmut       0%         N/A       100%        4
 Olgreb's Toxic Radiance  Pois           0%         N/A       100%        4
 Sticky Flame             Conj/Fire      0%         2d3       100%        4
 Alistair's Intoxication  Tmut/Pois      0%         N/A       100%        5
 Blade Hands              Tmut           0%         N/A       100%        5
 Borgnjor's Vile Clutch   Necr/Erth      0%         N/A       100%        5
 Death Channel            Necr           0%         N/A       100%        6
 Eringya's Noxious Bog    Tmut/Pois      0%         N/A       100%        6
 Iron Shot                Conj/Erth      0%         9d1       100%        6
 Simulacrum               Ice/Necr       0%         N/A       100%        6


Dungeon Overview and Level Annotations

Branches:
Dungeon (10/15)            Temple (0/1) D:6            Lair (5/5) D:10
 Shoals (0/4) Lair:3       Spider (0/4) Lair:3        Slime (0/5) Lair:4
    Orc (0/2) D:10

Altars:
Cheibriados
Dithmenos
Hepliaklqana
Nemelex Xobeh
Okawaru
Ru
Vehumet
Wu Jian
Xom
Jiyva

Shops:
D:2 *[

Annotations:
D:8 2 transporters
Abyss:1 Pikel


Innate Abilities, Weirdness & Mutations

You have very sharp fingernails.
You are mostly covered in slimy green scales. (AC +3)
You sometimes emit foul miasma when damaged in melee.
A meltable shield of frost defends you. (SH +0)


Message History

The polar bear claws you but does no damage.
The polar bear closely misses you.
The six-headed hydra bites you but does no damage. x2
The six-headed hydra misses you.
The six-headed hydra bites you but does no damage. x3
You hit the six-headed hydra.
The six-headed hydra is moderately wounded.
The komodo dragon bites you but does no damage.
The polar bear barely misses you.
The polar bear claws you but does no damage. x2
Unknown command.
You impale the six-headed hydra!!
The six-headed hydra is severely wounded.
The six-headed hydra bites you.
* * * LOW HITPOINT WARNING * * *
The six-headed hydra bites you but does no damage. x3
The six-headed hydra bites you.
* * * LOW HITPOINT WARNING * * *
The six-headed hydra bites you but does no damage.
The komodo dragon bites you!
* * * LOW HITPOINT WARNING * * *
You bludgeon the six-headed hydra!!
The six-headed hydra is almost dead.
The polar bear barely misses you. The polar bear closely misses you.
The polar bear claws you.
* * * LOW HITPOINT WARNING * * *
The six-headed hydra bites you.
* * * LOW HITPOINT WARNING * * *
The six-headed hydra bites you but does no damage.
The six-headed hydra bites you.
* * * LOW HITPOINT WARNING * * *
You emit a cloud of foul miasma!
The six-headed hydra bites you but does no damage. x2
The six-headed hydra bites you.
* * * LOW HITPOINT WARNING * * *
You puncture the six-headed hydra!
You kill the six-headed hydra!
Trog accepts your kill. The komodo dragon bites you!
You die...

.##.~~~~ #.#####......
##...#~~≈≈~~ #..##........
.#..# ~≈≈≈~.##............
.P..##~~≈~~.#.............
.......~..~~#...††........
.....##.~..#[.†...........
........##...........##..#
...............<.....#.. .
...............§@h......
.................l.......
...................P##...
.#...................#(..
.##..............####....
##...............# ...
###............### .
#.............##
##............#


You could see a polar bear and a komodo dragon.

Vanquished Creatures
  2 hydras
  Erica (D:8)
  2 catoblepae
  A two-headed ogre (D:8)
  4 death yaks (Lair:4)
  Urug (Lair:3)
  4 oklob plants (Lair:2)
  An elephant (Lair:5)
  2 manticores
  2 black mambas
  Joseph (D:8)
  9 cane toads
  A torpor snail (Lair:5)
  2 rime drakes
  An unseen horror (D:10)
  2 kobold demonologists (D:10)
  8 komodo dragons
  A queen bee (Lair:2)
  2 trolls
  A polar bear (Lair:1)
  Prince Ribbit (Lair:1)
  2 wind drakes
  A meliai (Lair:3)
  Grinder (D:3)
  4 blink frogs
  10 dream sheep
  Sigmund (D:2)
  A shadow (D:10)
  9 wyverns
  60 yaks
  3 steam dragons
  7 basilisks
  13 water moccasins
  3 orc warriors
  A black bear (D:5)
  A sky beast (D:7)
  5 ogres
  An ice beast (D:7)
  13 wolves
  4 centaurs
  Blork the orc (D:4)
  A lemure (D:7)
  9 kobold brigands
  4 bullfrogs
  2 necrophages
  6 gnoll sergeants (D:10)
  2 scorpions (D:6)
  5 wights (D:7)
  45 killer bees
  A howler monkey (D:5)
  4 jellies
  2 gnoll boudas
  6 orc priests
  Crazy Yiuf (D:3)
  7 hounds
  Ijyb (D:4)
  Jessica (D:2)
  6 iguanas
  11 orc wizards
  A statue (D:4)
  12 adders
  23 gnolls
  2 river rats
  2 shadow imps
  A white imp (D:6)
  2 worms
  A dart slug (D:4)
  39 orcs
  9 endoplasms
  8 giant cockroaches
  5 goblins
  6 hobgoblins
  4 jackals (D:1)
  4 quokkas
  7 ball pythons
  5 bats
  5 frilled lizards
  25 kobolds
  3 rats
468 creatures vanquished.

Vanquished Creatures (others)
  A black bear (D:7)
  An orc wizard (D:7)
  14 fungi
  35 plants
51 creatures vanquished.

Grand Total: 519 creatures vanquished

Notes
Turn   | Place    | Note
-------+----------+-------------------------------------------
     0 | D:1      | bubby the Demonspawn Berserker began the quest for the Orb.
     0 | D:1      | Reached XP level 1. HP: 18/18 MP: 1/1
   484 | D:1      | Gained mutation: You may rarely emit foul miasma when
                  | damaged in melee. [demonic ancestry]
   484 | D:1      | Reached XP level 2. HP: 23/24 MP: 2/2
   859 | D:1      | Reached XP level 3. HP: 29/29 MP: 3/3
  1067 | D:1      | Found a faded altar of an unknown god.
  2072 | D:2      | Found Tuohiph's Antique Armour Shop.
  2075 | D:2      | Noticed Jessica
  2082 | D:2      | Killed Jessica
  2082 | D:2      | Reached ** piety under Trog
  2083 | D:2      | Reached XP level 4. HP: 20/36 MP: 4/4
  2227 | D:2      | Found an iron altar of Okawaru.
  2354 | D:2      | Noticed Sigmund
  2375 | D:2      | Killed Sigmund
  2376 | D:2      | Reached skill level 4 in Fighting
  2376 | D:2      | Reached skill level 1 in Maces & Flails
  2376 | D:2      | Gained mutation: You have sharp fingernails. [demonic
                  | ancestry]
  2376 | D:2      | Reached XP level 5. HP: 42/42 MP: 5/5
  2628 | D:2      | Found Paixkop's Assorted Antiques.
  2958 | D:3      | Gained mutation: You are partially covered in slimy green
                  | scales. (AC +2) [demonic ancestry]
  2958 | D:3      | Reached XP level 6. HP: 14/48 MP: 6/6
  3899 | D:3      | Found a runed translucent door.
  3900 | D:3      | Noticed Crazy Yiuf
  4058 | D:3      | Found an ornate altar of the Wu Jian Council.
  4073 | D:3      | Noticed Grinder
  4073 | D:3      | Paralysed by Grinder for 2 turns
  4097 | D:3      | Paralysed by Grinder for 4 turns
  4114 | D:3      | Paralysed by Grinder for 3 turns
  4397 | D:3      | Killed Grinder
  4398 | D:3      | Gained mutation: A meltable shield of frost defends you.
                  | (SH +0) [demonic ancestry]
  4398 | D:3      | Reached XP level 7. HP: 46/55 MP: 5/7
  4599 | D:3      | Killed Crazy Yiuf
  4853 | D:4      | Reached skill level 5 in Fighting
  4996 | D:4      | Identified the ring of Ysakim {Ice Str+3}
  5533 | D:4      | Noticed Blork the orc
  5543 | D:4      | Killed Blork the orc
  5726 | D:4      | Found a radiant altar of Vehumet.
  5777 | D:4      | Noticed Ijyb
  5793 | D:4      | Killed Ijyb
  6112 | D:5      | Entered Level 5 of the Dungeon
  6248 | D:5      | Gained mutation: You are mostly covered in slimy green
                  | scales. (AC +3) [demonic ancestry]
  6248 | D:5      | Reached XP level 8. HP: 64/64 MP: 8/8
  6377 | D:5      | Reached skill level 5 in Dodging
  6389 | D:5      | Reached skill level 6 in Fighting
  6389 | D:5      | Reached skill level 5 in Armour
  6723 | D:5      | Noticed a troll
  6849 | D:5      | Killed a troll
  7252 | D:6      | Found a staircase to the Ecumenical Temple.
  7259 | D:6      | Reached *** piety under Trog
  7420 | D:6      | Reached XP level 9. HP: 32/71 MP: 4/9
  7639 | D:6      | Found a sacrificial altar of Ru.
  7798 | D:6      | Reached skill level 7 in Fighting
  8554 | D:7      | Found a shimmering altar of Xom.
  8795 | D:7      | Noticed Pikel
  8798 | D:7      | Banished Pikel
  8799 | D:7      | Reached skill level 8 in Fighting
  8799 | D:7      | Found a sparkling altar of Nemelex Xobeh.
  9050 | D:7      | Found a snail-covered altar of Cheibriados.
  9322 | D:8      | Noticed Erica
  9341 | D:8      | Killed Erica
  9342 | D:8      | Reached skill level 5 in Maces & Flails
  9342 | D:8      | Gained mutation: You have very sharp fingernails. [demonic
                  | ancestry]
  9342 | D:8      | Reached XP level 10. HP: 46/82 MP: 3/10
  9553 | D:8      | Found a transporter.
  9554 | D:8      | Noticed a two-headed ogre
  9555 | D:8      | Found a transporter.
  9567 | D:8      | Killed a two-headed ogre
  9774 | D:8      | Found a transporter.
  9776 | D:8      | Found a transporter.
  9828 | D:8      | Reached skill level 9 in Fighting
  9830 | D:8      | HP: 2/83 [yak (7)]
 10231 | D:8      | Found a transporter.
 10233 | D:8      | Found a transporter.
 10267 | D:8      | Found a shadowy altar of Dithmenos.
 10435 | D:8      | Noticed Joseph
 10449 | D:8      | Killed Joseph
 10830 | D:9      | Reached **** piety under Trog
 11550 | D:9      | Identified the +5 short sword of Symmetry {vorpal, *Corrode
                  | rElec rN+ Int+3}
 11572 | D:9      | Gained mutation: You sometimes emit foul miasma when
                  | damaged in melee. [demonic ancestry]
 11572 | D:9      | Reached XP level 11. HP: 89/89 MP: 9/11
 11775 | D:9      | Found a hazy altar of Hepliaklqana.
 12205 | D:10     | Entered Level 10 of the Dungeon
 12677 | D:10     | Found a staircase to the Lair.
 13113 | D:10     | Reached skill level 10 in Fighting
 13416 | D:10     | Found a staircase to the Orcish Mines.
 13688 | Lair:1   | Entered Level 1 of the Lair of Beasts
 13688 | Lair:1   | Noticed a four-headed hydra
 14161 | Lair:1   | Killed a four-headed hydra
 14777 | Lair:1   | Noticed Prince Ribbit
 14812 | Lair:1   | Killed Prince Ribbit
 14813 | Lair:1   | Reached XP level 12. HP: 64/99 MP: 7/12
 14827 | Lair:1   | Reached skill level 11 in Fighting
 15083 | Lair:1   | Reached skill level 10 in Armour
 15088 | Lair:1   | Reached skill level 10 in Dodging
 15822 | Lair:2   | Noticed a catoblepas
 16078 | Lair:1   | Reached ***** piety under Trog
 16273 | Lair:2   | Killed a catoblepas
 17389 | Lair:2   | Reached skill level 12 in Fighting
 18444 | Lair:3   | Found a hole to the Spider Nest.
 18526 | Lair:3   | Reached XP level 13. HP: 103/108 MP: 13/13
 18907 | Lair:3   | Found a staircase to the Shoals.
 18961 | Lair:3   | Identified the +4 flail "Eciucor" {vorpal, rF++ rC+ Will-
                  | SInv}
 19150 | Lair:3   | Noticed Urug
 19509 | Lair:3   | Killed Urug
 20428 | Lair:4   | Identified the +3 leather armour "Soruofog" {rElec rPois
                  | Stlth+}
 20442 | Lair:4   | Found a shadowy altar of Dithmenos.
 20735 | Lair:4   | Found a viscous altar of Jiyva.
 20736 | Lair:4   | Found a staircase to the Slime Pits.
 21088 | Lair:5   | Entered Level 5 of the Lair of Beasts
 21572 | Lair:4   | Reached skill level 13 in Fighting
 22008 | Lair:5   | Received a gift from Trog
 22463 | Lair:5   | HP: 5/166 [six-headed hydra (5)]
 22464 | Lair:5   | Slain by a komodo dragon

Illustrated notes

Levels and vault maps discovered:
D:1:      minmay_arrival_loop, layout_basic,
          hellmonk_ecumenical_altar_inner_sanctum
D:2:      layout_loops_ring, basic_altar, serial_shops,
          nicolae_shop_window_shopping, nicolae_shop_overgrown_old_shop,
          grunt_decor_one_mirror, uniq_sigmund, uniq_jessica
D:3:      layout_basic, nzn_wu_jian_council_hall, serial_bayou_lagoon_b,
          uniq_crazy_yiuf_cottage, uniq_grinder
D:4:      layout_basic, vehumet_statue, uniq_ijyb, uniq_blork_the_orc
D:5:      layout_basic, grunt_ministairs_2, minmay_hedge_maze
D:6:      layout_loops_cross, gammafunk_temple_overflow_wave,
          minmay_temple_entry_junction
D:7:      layout_basic, xom_confusion_cloud, lemuel_coloured_pillars_altar,
          mainiacjoe_overflow_catwalk, corexii_item_surrounded_by_moat,
          uniq_pikel
D:8:      layout_rooms, grunt_dithmenos_smoke_and_mirrors,
          roderic_serpentine_path, minivault_19, kennysheep_decorative_pillar,
          serial_nicolae_subway, nicolae_sub_station_stone,
          nicolae_sub_station_crystal, nicolae_sub_station_metal, uniq_joseph,
          uniq_erica
D:9:      layout_grid_maze, mainiacjoe_overflow_concentric_impassable
D:10:     layout_roguey, lair_entry_dummy,
          kennysheep_orc_monster_closet_entryway
Lair:1:   layout_hall_layers, portal_ice_cave_entry_pillars_1,
          uniq_prince_ribbit2
Lair:2:   hangedman_what_comes_after_a, layout_cave_shapes, serial_bayou_shore_a
Lair:3:   layout_chaotic_city, minmay_shoals_entry_beasts,
          hellmonk_spider_entry_not_the_bees, uniq_urug
Lair:4:   layout_gridlike, slime_entry_1, basic_altar
Lair:5:   gammafunk_lair_ancient_temple, layout_hall_layers, st_stairs_5,
          chequers_serial_rivers_micro_a, nicolae_lair_lil_pond

Skill      XL: |  1  2  3  4  5  6  7  8  9 10 11 12 13 |
---------------+----------------------------------------+-----
Armour         | 2 3 4 5 7 8 9 11 12 | 12.1
Dodging        | 2 3 4 5 7 8 9 11 12 | 12.1
Long Blades    | 3 |  3.0
Fighting       | 4 5 6 8 9 10 12 13 | 13.3
Maces & Flails | 1 2 3 4 5 6 7 8 |  8.6

Action                   |  1- 3 |  4- 6 |  7- 9 | 10-12 | 13-15 || total
-------------------------+-------+-------+-------+-------+-------++-------
Melee: Falchion          |    72 |       |       |       |       ||    72
       Flail             |    25 |    44 |    12 |       |       ||    81
       Whip              |       |   134 |       |       |       ||   134
       Punch             |       |     1 |       |       |     4 ||     5
       Quarterstaff      |       |       |   380 |   185 |       ||   565
       Dire flail        |       |       |       |   725 |    84 ||   809
       Eveningstar       |       |       |       |       |   171 ||   171
Invok: Berserk           |     2 |     6 |     7 |    14 |     5 ||    34
       Trog's Hand       |       |     1 |     1 |     9 |     5 ||    16
Evoke: Wand              |       |       |       |       |     2 ||     2
  Use: Scroll            |       |       |       |    15 |     5 ||    20
       Potion            |       |       |       |     2 |       ||     2
 Stab: Sleeping          |     1 |       |       |       |       ||     1
       Petrified         |       |       |     7 |       |     8 ||    15
       Paralysed         |       |       |     2 |       |       ||     2
Armor: Animal skin       |    13 |    17 |       |       |       ||    30
       Chain mail        |       |    71 |    20 |       |       ||    91
       Leather armour    |       |       |    95 |    18 |       ||   113
       Plate armour      |       |       |       |   595 |   200 ||   795
Dodge: Dodged            |    63 |   117 |   314 |   883 |   175 ||  1552
Block: Other             |       |       |    72 |   240 |    41 ||   353
